[Event "*** MasterClass Titled Tuesday Blitz"]
[Site "Chess.com"]
[Date "2017.12.05"]
[Round "6"]
[White "saikrishnaReturns"]
[Black "chidori_boruto"]
[Result "0-1"]
[WhiteElo "2422"]
[BlackElo "2533"]
[TimeControl "180+2"]
[EndTime "15:31:24 PST"]
[Termination "chidori_boruto won by checkmate"]

1. e4 c6 2. Nc3 d5 3. Nf3 Bg4 4.
h3 Bxf3 5. Qxf3 e6 6. d3 Nf6 7. Be2 Nbd7 8. O-O Bb4 9. Nd1 O-O 10. c3 Be7 11. g4 h6 12. Qg2 dxe4 13. dxe4 Nc5 14.
e5 Nd5 15. f4 Qc7 16. Ne3 Rad8 17. Nxd5 cxd5 18. Be3 Na4 19. Bd3 Bc5 20. Bxc5 Qxc5+ 21. Kh2 d4 22. Qe4 g6 23. f5 exf5 24. gxf5 Nxb2 25. fxg6 Nxd3 26. gxf7+ Kh8 27. Rf5 dxc3 28. Qh4 Qe3 29. Rf6 Kh7 30. Raf1 Nxe5 31. Rxh6+ Qxh6 32. Qe4+ Ng6 33. Rg1 Rd2+ 34. Kg3 Qg5+ 35. Kf3 Rxf7+ 36. Qf5 Rxf5+ 37. Ke4 Qf4# 0-1

[Event "*** MasterClass Titled Tuesday Blitz"]
[Site "Chess.com"]
[Date "2017.12.05"]
[Round "6"]
[White "igorkovalenko"]
[Black "Rikikits"]
[Result "1-0"]
[WhiteElo "2715"]
[BlackElo "2530"]
[TimeControl "180+2"]
[EndTime "15:31:26 PST"]
[Termination "igorkovalenko won on time"]

1. e4 b6 2. d4 Bb7 3. Bd3 e6 4. Nf3 Nf6 5. Qe2 d5 6. e5 Nfd7 7. O-O c5 8. c3 a5 9. Bg5 Qc8 10.
Na3 Ba6 11. c4 Nc6 12. cxd5 Bxd3 13. Qxd3 Nb4 14. Qb5 Nxd5 15. Rac1 Qa6 16. Rfd1 h6 17. Be3 Qxb5 18. Nxb5 Be7 19. dxc5 Nxc5 20. Rxd5 exd5 21. Nc7+ Kd7 22. Nxa8 Rxa8 23. Kf1 Rc8 24. Ke2 Na4 25. Rxc8 Kxc8 26. Bd4 Bc5 27. b3 Bxd4 28. bxa4 Bc5 29.
Nh4 Kd7 30. Nf5 Ke6 31. Nxg7+ Kxe5 32. f3 Kd4 33. Nf5+ Kc3 34. Nxh6 Kc2 35. Nxf7 Bd4 36.
Nh6 Bg1 37. Ng4 d4 38. Ne5 Bxh2 39. Nd3 Bg3 40. f4 Kc3 41. f5 Bh4 42. g4 Kc2 43. Ne5 Bf6 44. Nd3 Bh4 45. Ne5 Bf6 46. Nf3 d3+ 47.
Ke3 Bg5+ 48. Ke4 d2 49. Nxd2 Kxd2 50. Ke5 Kc3 51. f6 Kb4 52. Kf5 Bxf6 53. Kxf6 Kxa4 54. g5 b5 55. g6 1-0

[Event "*** MasterClass Titled Tuesday Blitz"]
[Site "Chess.com"]
[Date "2017.12.05"]
[Round "6"]
[White "Apocalyps999"]
[Black "larso"]
[Result "1-0"]
[WhiteElo "2415"]
[BlackElo "2371"]
[TimeControl "180+2"]
[EndTime "15:31:28 PST"]
[Termination "Apocalyps999 won by checkmate"]

1. e4 e6 2. d4 d5 3. Nc3 Bb4 4. a3 Bxc3+ 5. bxc3 dxe4 6. Qg4 Nf6 7. Qxg7 Rg8 8. Qh6 c5 9. Ne2 Nc6 10. dxc5 Bd7 11. Nd4 Qe7 12. Nb5 Rg6 13. Nd6+ Kd8 14. Qe3 Kc7 15. Rb1 b6 16. cxb6+ Kxd6 17. a4 Nd5 18.
Ba3+ Ke5 19. f4+ Kf6 20. Bxe7+ Kxe7 21. Qc5+ Kf6 22. b7 Rb8 23. Qd6 Be8 24. Bc4 Kg7 25. O-O Ne3 26. Bb5 e5 27. Qc7 Nxf1 28.
Bxc6 Rxb7 29. Bxb7 Ne3 30. Bxe4 Re6 31. f5 Rf6 32. Qxe5 Nc4 33. Qg3+ Kf8 34. Rb8 Nd6 35. Bd3 Ke7 36. Qe5+ Kd7 37. Qxf6 Kc7 38. Qd8+ Kc6 39. Bb5+ Kc5 40. Bxe8 Kd5 41. Rb5+ Kc4 42. Qxd6 Kxc3 43. Qd3# 1-0

[Event "*** MasterClass Titled Tuesday Blitz"]
[Site "Chess.com"]
[Date "2017.12.05"]
[Round "6"]
[White "robbykevlishvili"]
[Black "Salem-AR"]
[Result "1-0"]
[WhiteElo "2443"]
[BlackElo "2810"]
[TimeControl "180+2"]
[EndTime "15:31:29 PST"]
[Termination "robbykevlishvili won by resignation"]

1. e4 c5 2. Nf3 d6 3. d4 cxd4 4. Nxd4 Nf6 5. Nc3 a6 6. Be3 Ng4 7. Bg5 h6 8. Bc1 Nf6 9. Be3 e5 10. Nb3 Be6 11. f3 h5 12. Qd2 Nbd7 13. Nd5 Bxd5 14.
exd5 g6 15. Be2 Qc7 16. O-O Nb6 17. c4 Nxc4 18. Bxc4 Qxc4 19. Rfd1 Be7 20. Na5 Qb5 21. Rac1 Bd8 22. Nc4 O-O 23. Nxd6 Qd7 24. Ne4 Nxe4 25.
fxe4 f5 26. d6 f4 27. Bf2 Qe6 28. d7 Be7 29. Qd5 Kf7 30. Bb6 Qxd5 31. Rxd5 Ke6 32. Bc7 f3 33. Rcd1 Bd8 34. Rxe5+ Kf6 35. Bxd8+ Kxe5 36.
Bc7+ Kxe4 37. d8=Q Raxd8 38. Rxd8 Rf7 39. Bb6 fxg2 40.
Kxg2 Rf5 41. Rd4+ Ke5 42. Rd2 Ke4 43. Bf2 Rg5+ 44. Kf1 Ra5 45. b3 Rf5 46. Ke2 Ra5 47. a4 Rg5 48. Rd4+ Ke5 49. Rd7 b5 50. a5 Ke4 51.
Rd6 Rg2 52. Rxa6 g5 53. Rb6 1-0

[Event "*** MasterClass Titled Tuesday Blitz"]
[Site "Chess.com"]
[Date "2017.12.05"]
[Round "6"]
[White "AbdAlAgathos"]
[Black "SanQui14"]
[Result "1-0"]
[WhiteElo "2303"]
[BlackElo "2174"]
[TimeControl "180+2"]
[EndTime "15:31:31 PST"]
[Termination "AbdAlAgathos won by resignation"]

1. e4 c5 2. Nf3 g6 3. c4 Bg7 4.
d4 cxd4 5. Nxd4 Nc6 6. Nc2 Nf6 7. Nc3 d6 8. Be2 O-O 9. O-O Nd7 10. Bd2 Nc5 11.
b4 Ne6 12. Rb1 Ned4 13. Nxd4 Nxd4 14. Bd3 b6 15. a4 Bb7 16. a5 Rc8 17. axb6 axb6 18.
Re1 Qd7 19. Bf1 e6 20. Be3 e5 21. Rc1 Ra8 22. Bxd4 exd4 23. Nb5 Rfe8 24. Nxd4 Rxe4 25.
Rxe4 Bxe4 26. Nb5 Be5 27. c5 bxc5 28. bxc5 Bf4 29. Rc4 d5 30. Rxe4 Qf5 31. Ra4 Rc8 32. Qf3 Rxc5 33. Rxf4 Qb1 34. Na3 Qb7 35. h4 Rc1 36.
Qe2 h6 37. g3 g5 38. hxg5 hxg5 39. Rf5 Kf8 40. Kh2 Rc3 41. Nb5 Rb3 42. Nd6 Qd7 43. Rxf7+ Qxf7 44. Nxf7 Kxf7 45. Bg2 1-0

[Event "*** MasterClass Titled Tuesday Blitz"]
[Site "Chess.com"]
[Date "2017.12.05"]
[Round "6"]
[White "RaphaeI"]
[Black "pKiLz5Rn9b"]
[Result "0-1"]
[WhiteElo "2518"]
[BlackElo "2642"]
[TimeControl "180+2"]
[EndTime "15:31:38 PST"]
[Termination "pKiLz5Rn9b won on time"]

1. Nf3 Nf6 2. c4 e6 3. g3 d5 4. Bg2 c5 5. d4 Be7 6. O-O O-O 7. cxd5 exd5 8. Nc3 Nc6 9. dxc5 Bxc5 10. Bg5 d4 11.
Ne4 Be7 12. Bxf6 Bxf6 13. b4 a6 14. a4 d3 15. Nxf6+ Qxf6 16. Qxd3 Nxb4 17. Qd4 Qe7 18. Qe5 Qxe5 19. Nxe5 Re8 20. Rfd1 Bf5 21. Nc4 Rxe2 22. Bxb7 Rb8 23. a5 g6 24. Bf3 Re7 25.
Nd6 Bc2 26. Rd4 Rd7 27. Rc1 h5 28. h4 Kf8 29. Nb5 Rxd4 30. Nxd4 Ba4 31. Rc7 Be8 32. Ra7 Rd8 33. Nb3 Rd3 34. Nc5 Rxf3 35. Rb7 Rc3 36. Ne4 Rc1+ 37. Kh2 Nd3 0-1

[Event "*** MasterClass Titled Tuesday Blitz"]
[Site "Chess.com"]
[Date "2017.12.05"]
[Round "6"]
[White "Hanging_pointer"]
[Black "kleinebeer98"]
[Result "0-1"]
[WhiteElo "2294"]
[BlackElo "2486"]
[TimeControl "180+2"]
[EndTime "15:31:38 PST"]
[Termination "kleinebeer98 won by resignation"]

1. e4 e5 2. Nf3 Nc6 3. Bc4 Nf6 4.
d3 h6 5. O-O d6 6. Re1 g6 7. a4 a5 8. c3 Bg7 9. Nbd2 O-O 10.
Nf1 d5 11. exd5 Nxd5 12. Bb5 Qd6 13. Ng3 f5 14. Bxc6 bxc6 15. d4 e4 16. Ne5 c5 17.
Nc4 Qa6 18. Ne3 Nxe3 19. fxe3 Be6 20. h4 Rad8 21. Qe2 Qd6 22. Qf2 Bd5 23. b3 Bxb3 24.
Ba3 Qf6 25. Bxc5 Rf7 26. Ne2 g5 27. g3 Qg6 28. Kh2 Qh5 29. Rg1 Bc4 30. Rae1 Kh7 31.
Rg2 Kg6 32. Reg1 Qf3 33. Ba3 Rb8 34. Rf1 Rb3 35. Bc5 Rb2 36. Re1 Kh7 37. Kg1 Bf6 38.
hxg5 Bxg5 39. Qxf3 exf3 40. Rh2 Bxe3+ 0-1

[Event "*** MasterClass Titled Tuesday Blitz"]
[Site "Chess.com"]
[Date "2017.12.05"]
[Round "6"]
[White "MateusViageiro"]
[Black "lucasmito"]
[Result "0-1"]
[WhiteElo "2172"]
[BlackElo "2209"]
[TimeControl "180+2"]
[EndTime "15:31:38 PST"]
[Termination "lucasmito won by resignation"]

1. e4 e5 2. Nf3 Nc6 3. Bb5 f5 4. d3 fxe4 5. dxe4 Nf6 6. Nbd2 d6 7. O-O Be7 8. c3 O-O 9. h3 Qe8 10. Qe2 Nh5 11. Nc4 Qg6 12. Kh2 Nf4 13. Bxf4 Rxf4 14. Ncd2 Bd7 15. a4 Raf8 16. Bd3 Qh5 17. Kg1 Bxh3 18. Ne1 Qg6 19. b4 Bh4 20. f3 Nd8 21. Bc4+ Kh8 22. Nd3 R4f6 23. a5 Be6 24. Bd5 Bg3 25. Nf2 Qh5 26. Nh3 Bxh3 27. gxh3 Qxh3 28. Qg2 Qh4 29. c4 Rg6 30. f4 Bxf4 31. Nf3 Rxg2+ 32. Kxg2 Qg3+ 33. Kh1 c6 0-1

[Event "*** MasterClass Titled Tuesday Blitz"]
[Site "Chess.com"]
[Date "2017.12.05"]
[Round "6"]
[White "pastouche06"]
[Black "calemcc"]
[Result "1-0"]
[WhiteElo "2332"]
[BlackElo "2274"]
[TimeControl "180+2"]
[EndTime "15:31:38 PST"]
[Termination "pastouche06 won by checkmate"]

1. d4 d5 2. c4 e6 3. Nc3 c6 4.
e3 Nf6 5. Nf3 Nbd7 6. Qc2 Bd6 7.
b3 O-O 8. Be2 e5 9. cxd5 cxd5 10.
Nb5 Bb4+ 11. Bd2 Bxd2+ 12. Nxd2 a6 13. dxe5 axb5 14. exf6 Qxf6 15. O-O b4 16. Nf3 Ne5 17. Nd4 Bd7 18. Qd2 Qe7 19. Rfc1 Rfc8 20. Rxc8+ Rxc8 21.
Rc1 Rc5 22. h3 h6 23. Nc2 Nc6 24. Bf3 Qd6 25. Rd1 Ne5 26. Bxd5 Qg6 27. Nxb4 Bxh3 28. f4 Nc6 29. Nxc6 bxc6 30. Bf3 Rc2 31. Qd8+ Kh7 32.
Qd3 Bf5 33. e4 Rxa2 34. exf5 Qf6 35. Be4 Qh4 36. Qf3 f6 37. Bxc6 Rb2 38. Be8 h5 39. Qxh5+ Qxh5 40. Bxh5 Rxb3 41. Bg6+ Kh6 42. g3 Rxg3+ 43.
Kf2 Ra3 44. Rh1+ Rh3 45. Rxh3# 1-0

[Event "*** MasterClass Titled Tuesday Blitz"]
[Site "Chess.com"]
[Date "2017.12.05"]
[Round "6"]
[White "JoachimBN"]
[Black "TenisMaster"]
[Result "1-0"]
[WhiteElo "2540"]
[BlackElo "2725"]
[TimeControl "180+2"]
[EndTime "15:31:41 PST"]
[Termination "JoachimBN won by resignation"]

1. e4 c5 2. Nf3 e6 3. b3 b6 4. Bb2 Bb7 5. Bd3 Nc6 6. O-O Nge7 7. Re1 Ng6 8. Na3 Nb4 9. Bc4 a6 10. c3 d5 11. cxb4 dxc4 12. bxc5 Nf4 13. cxb6 Nd3 14. Nxc4 Bc5 15. Re2 O-O 16. Ne1 Bxe4 17. Ba3 Bxa3 18. Nxa3 Qxb6 19. Re3 Nxe1 20. Qxe1 Bg6 21.
Nc4 Qd4 22. Rc3 Rfd8 23. Qe3 Bf5 24. Qxd4 Rxd4 25. f3 h5 26. Kf2 f6 27. Re1 e5 28.
Rcc1 Rad8 29. Red1 h4 30. Ke2 Kf7 31. Ne3 Bd3+ 32. Ke1 g5 33. Rc7+ Kg6 34. Rdc1 Bb5 35. R7c2 R8d6 36. a4 Bd3 37. Rc6 e4 38. Rxd6 Rxd6 39.
Kf2 f5 40. Rc5 exf3 41. gxf3 Bb1 42. Nc4 Re6 43. d4 Bd3 44. Ne5+ 1-0

[Event "*** MasterClass Titled Tuesday Blitz"]
[Site "Chess.com"]
[Date "2017.12.05"]
[Round "6"]
[White "chessking2151"]
[Black "dawtonlms"]
[Result "1-0"]
[WhiteElo "2344"]
[BlackElo "2237"]
[TimeControl "180+2"]
[EndTime "15:31:49 PST"]
[Termination "chessking2151 won by checkmate"]

1. e4 e6 2. d4 d5 3. Nd2 Nf6 4.
e5 Nfd7 5. f4 c5 6. Ngf3 Nc6 7.
Nb3 f6 8. exf6 Qxf6 9. c3 Bd6 10. g3 O-O 11. Be3 b6 12. Bb5 Bb7 13. O-O a6 14. Be2 b5 15. dxc5 Be7 16. Qd2 Kh8 17. Bd4 Qh6 18.
Rae1 Rae8 19. Bd3 Bf6 20. Be3 Qh3 21. Qg2 Qxg2+ 22. Kxg2 e5 23. Bf5 exf4 24. Bxf4 Nde5 25. Nxe5 Nxe5 26. Nd4 g6 27. Bc2 Nc4 28. b4 a5 29.
Bh6 Rxe1 30. Rxe1 Ra8 31. c6 Ba6 32. Re6 Bxd4 33. cxd4 axb4 34. c7 Bb7 35. Kg1 Kg8 36.
Rf6 Rc8 37. Bd1 Re8 38. Bg4 Bc8 39. Bf3 Bb7 40. Bg4 Bc8 41. Bf3 Bb7 42. h4 Ra8 43. Bg4 Bc8 44. Rf8# 1-0

[Event "*** MasterClass Titled Tuesday Blitz"]
[Site "Chess.com"]
[Date "2017.12.05"]
[Round "6"]
[White "Msb2"]
[Black "Swarnapuri"]
[Result "1-0"]
[WhiteElo "2706"]
[BlackElo "2401"]
[TimeControl "180+2"]
[EndTime "15:31:55 PST"]
[Termination "Msb2 won by resignation"]

1. d4 d5 2. c4 Nc6 3. Nc3 Nf6 4. Nf3 dxc4 5. e4 Bg4 6. Be3 e6 7. Bxc4 Bb4 8. Qd3 Bxf3 9. gxf3 Qe7 10. Rg1 Nh5 11.
Bb5 O-O 12. a3 Ba5 13. Rg5 g6 14. Bxc6 Bxc3+ 15. Qxc3 bxc6 16. Qxc6 Rab8 17. b4 Rfd8 18. Rc1 Qf6 19. e5 Qe7 20. Qxc7 Qe8 21. Qa5 Ng7 22.
d5 Rxd5 23. Qxa7 Nf5 24. Rg4 Rxe5 25. Rgc4 Rd8 26. a4 Kg7 27. R1c3 Red5 28. b5 Ra8 29.
Qb7 Nd6 30. Qc6 Nxc4 31. Qxe8 Rxe8 32. Rxc4 Ra8 33. Rb4 Rd7 34. Ke2 e5 35. b6 Rb7 36.
Bc5 Kf6 37. Kd3 Ke6 38. Kc4 Ra5 39. Rb1 Kd7 40. Kb4 Ra6 41. Kb5 Ra8 42. Rd1+ Ke6 43. a5 1-0

[Event "*** MasterClass Titled Tuesday Blitz"]
[Site "Chess.com"]
[Date "2017.12.05"]
[Round "6"]
[White "visa"]
[Black "NF31415926"]
[Result "1-0"]
[WhiteElo "2183"]
[BlackElo "1996"]
[TimeControl "180+2"]
[EndTime "15:31:57 PST"]
[Termination "visa won by resignation"]

1. e4 c5 2. a3 Nc6 3. b4 cxb4 4. axb4 Nxb4 5. d4 e6 6. c3 Nc6 7. d5 Ne5 8. f4 Ng6 9. Nf3 Bc5 10. Ba3 Bxa3 11. Nxa3 Nxf4 12. Qd4 Nf6 13. Nb5 O-O 14.
Rxa7 Rxa7 15. Nxa7 Qa5 16. g3 Ng6 17. d6 b6 18. Nb5 Ba6 19. Nc7 Bxf1 20. Kxf1 Qa1+ 21. Kg2 Qb2+ 22. Qd2 Qa3 23. Re1 Qc5 24. e5 Ne8 25.
Qd4 Qc6 26. Na6 f6 27. Nb4 Qb7 28. exf6 Nxf6 29. Re3 h6 30. Kh3 Kh7 31. Qd3 Ne8 32. Ne5 Rf6 33. Rf3 Rxf3 34. Qxg6+ Kg8 35. Qxe8+ Rf8 36. Qxd7 Qh1 37. Qxe6+ Kh7 38. Qg6+ Kg8 39. Qd3 Qf1+ 40. Qxf1 Rxf1 41. d7 Rd1 42. Nbc6 Kf8 43. d8=Q+ Rxd8 44. Nxd8 Ke7 45. Ndc6+ Ke6 46. c4 Kd6 47. Kg4 Kc5 48. Kf5 b5 49. cxb5 Kxb5 50. Kg6 Kc5 51. Kxg7 h5 52. Kh6 h4 53. gxh4 1-0

[Event "*** MasterClass Titled Tuesday Blitz"]
[Site "Chess.com"]
[Date "2017.12.05"]
[Round "6"]
[White "jcibarra"]
[Black "JSPrepz"]
[Result "0-1"]
[WhiteElo "2666"]
[BlackElo "2570"]
[TimeControl "180+2"]
[EndTime "15:31:59 PST"]
[Termination "JSPrepz won by checkmate"]

1. e4 e6 2. d4 d5 3. Nd2 Be7 4. e5 c5 5. c3 Nc6 6. Bd3 cxd4 7.
cxd4 Qb6 8. Ndf3 Bd7 9. Ne2 Nb4 10. Bb1 Bb5 11. O-O Qa6 12. Re1 Nd3 13. Bxd3 Bxd3 14. Nc3 Bb5 15. Nxb5 Qxb5 16. Bg5 Bxg5 17. Nxg5 Ne7 18. Re3 Nf5 19. Rb3 Qa6 20. Qh5 g6 21.
Qg4 h6 22. Nf3 Rc8 23. Qf4 g5 24. Qd2 g4 25. Ne1 Rc4 26. Nc2 Qc6 27. Rc3 O-O 28. Rc1 Rc8 29. Ne3 Nxe3 30. Qxe3 Qb6 31. Rxc4 Rxc4 32.
Rd1 Qxb2 33. Qxh6 Rxd4 34. Qg5+ Kf8 35. Qd8+ Kg7 36. Qf6+ Kf8 37. Qd8+ Kg7 38. Qg5+ Kh7 39. Rf1 Qd2 40. Qe7 Qf4 41. Qxb7 Re4 42. Qxa7 Rxe5 43.
a4 d4 44. a5 d3 45. Qc7 d2 46.
Qc2+ Kh6 47. g3 Qd4 48. a6 Re1 49. a7 Rxf1+ 50. Kg2 Qxf2# 0-1

[Event "*** MasterClass Titled Tuesday Blitz"]
[Site "Chess.com"]
[Date "2017.12.05"]
[Round "6"]
[White "sandager"]
[Black "AndrewMcStone"]
[Result "0-1"]
[WhiteElo "1970"]
[BlackElo "2107"]
[TimeControl "180+2"]
[EndTime "15:32:03 PST"]
[Termination "AndrewMcStone won by resignation"]

1. e4 Nc6 2. d4 d5 3. Nc3 e6 4. Nf3 Nf6 5. Bg5 Be7 6. e5 Ne4 7. Bxe7 Qxe7 8. Bd3 Nxc3 9. bxc3 Na5 10. O-O Bd7 11. Re1 c5 12. dxc5 Qxc5 13. Qe2 Rc8 14. Ng5 Qe7 15. Qh5 Rxc3 16. Re3 g6 17. Qh6 Qf8 18. Qh4 Qg7 19. Qb4 Rxd3 20. cxd3 Nc6 21. Qd6 h6 22. Nf3 Qf8 23. Rc1 Qxd6 24. exd6 f6 25.
Kf1 Kf7 26. Re2 e5 27. Rb2 b6 28. Rbc2 Rc8 29. Ke2 Ke6 30. Nd2 Nd4+ 31. Kd1 Nxc2 32. Rxc2 Ba4 33. Nb3 Rxc2 34. Kxc2 Kxd6 35. Kc3 Bxb3 36.
axb3 a5 37. f4 Kc5 38. d4+ exd4+ 39. Kd3 b5 40. g4 a4 41. h4 a3 42. Kc2 d3+ 43.
Kxd3 a2 44. g5 hxg5 45. f5 a1=Q 46. fxg6 Qb1+ 0-1

[Event "*** MasterClass Titled Tuesday Blitz"]
[Site "Chess.com"]
[Date "2017.12.05"]
[Round "6"]
[White "Sam_ChessMood"]
[Black "cheese111"]
[Result "1-0"]
[WhiteElo "2625"]
[BlackElo "2427"]
[TimeControl "180+2"]
[EndTime "15:32:04 PST"]
[Termination "Sam_ChessMood won on time"]

1. e4 c5 2. Nf3 e6 3. d4 cxd4 4. Nxd4 Nc6 5. Nc3 Qc7 6. Be3 a6 7. Qf3 Nf6 8. O-O-O h5 9. h3 Ne5 10. Qe2 b5 11. f4 Nc4 12. e5 Nd5 13. Nxd5 exd5 14.
Kb1 Bb7 15. Bc1 Rc8 16. g3 Bc5 17. Bg2 Qb6 18. Nb3 d4 19. Bxb7 Qxb7 20. Rhe1 Bb4 21. Rf1 a5 22. Nxd4 a4 23. Nf5 Kf8 24. Qd3 Rc7 25.
Qd5 g6 26. Qxb7 Rxb7 27. Ne3 Bc5 28. Nxc4 bxc4 29. Rd5 Rc7 30. Bd2 Ke7 31. Rxc5 Rxc5 32. Bb4 d6 33. Bxc5 dxc5 34. Kc1 f6 35. exf6+ Kxf6 36.
Re1 Rd8 37. Re5 Rd4 38. Rxc5 h4 39. gxh4 Rxf4 40. h5 Rh4 41. hxg6 Kxg6 42. Kd2 Kf6 43. Kc3 Ke6 44. a3 Rxh3+ 45. Kxc4 Kd6 46. Kb4 Rh4+ 47.
Rc4 1-0

[Event "*** MasterClass Titled Tuesday Blitz"]
[Site "Chess.com"]
[Date "2017.12.05"]
[Round "6"]
[White "pedromartinez91"]
[Black "Vamostodorecto"]
[Result "0-1"]
[WhiteElo "2235"]
[BlackElo "2328"]
[TimeControl "180+2"]
[EndTime "15:32:05 PST"]
[Termination "Vamostodorecto won by resignation"]

1. Nf3 d5 2. c4 Nf6 3. cxd5 Nxd5 4. Nc3 Nb6 5. g3 g6 6. Bg2 Bg7 7. h4 Nc6 8. h5 Bg4 9. hxg6 hxg6 10. Rxh8+ Bxh8 11. d3 Qd7 12. Bd2 O-O-O 13. a3 Nd4 14. Nxd4 Bxd4 15. Rc1 Bh3 16. Bf3 Bg4 17. Bg2 Qf5 18. Bf4 e5 19. Nb5 c6 20. Nxd4 Rxd4 21. Be3 Rd7 22. f3 Bh3 23. g4 Qf6 24. Bxh3 Qh4+ 25.
Bf2 Qxh3 26. Bxb6 axb6 27. Kd2 e4 28. fxe4 Qxg4 29. Kc2 b5 30. Qf1 Kc7 31. Qf3 Qe6 32. Rh1 Qd6 33. Qf2 b4 34. axb4 Qxb4 35. Rh7 Qe7 36.
e5 c5 37. Qf4 Kb6 38. Rg7 Qe6 39. Qf6 Qxf6 40. exf6 Kc6 41. Kc3 Kd5 42. b4 cxb4+ 43. Kxb4 Ke5 44. Rh7 Kxf6 45. Kc4 g5 46. d4 Kg6 47. Rh1 f5 48. e4 fxe4 49. d5 Re7 50. Re1 Kf6 51. Kd4 e3 52. d6 Re6 53. Kd5 Re5+ 54. Kd4 Ke6 55. d7 Rd5+ 56. Kxe3 Kxd7 57. Rb1 b5 58. Ke4 Kc6 59. Rc1+ Rc5 60. Rh1 b4 61.
Kd4 Kb5 62. Rh8 Rc4+ 63. Kd3 Rc3+ 64. Kd2 g4 65. Rb8+ Ka4 66. Ra8+ Kb3 67. Rh8 g3 68. Rh3 g2 0-1

[Event "*** MasterClass Titled Tuesday Blitz"]
[Site "Chess.com"]
[Date "2017.12.05"]
[Round "6"]
[White "Zkid"]
[Black "GeorgMeier"]
[Result "0-1"]
[WhiteElo "2557"]
[BlackElo "2801"]
[TimeControl "180+2"]
[EndTime "15:32:08 PST"]
[Termination "GeorgMeier won by resignation"]

1. e4 e6 2. d4 d5 3. exd5 exd5 4. Nf3 Bf5 5. c4 Bxb1 6. Rxb1 Bb4+ 7. Bd2 Bxd2+ 8. Qxd2 Nf6 9. c5 O-O 10. Be2 Re8 11. O-O a5 12. Bd3 Nbd7 13. Qf4 c6 14.
Rfe1 g6 15. h4 Nh5 16. Qd6 Nf8 17. Rxe8 Qxe8 18. Re1 Ne6 19. Ng5 Nhg7 20. h5 Qd8 21. Qxd8+ Rxd8 22. Nxe6 Nxe6 23. hxg6 hxg6 24. Bxg6 Nxd4 25.
Bh5 Ne6 26. Rc1 f5 27. a3 a4 28. g3 Kg7 29. Kg2 Kf6 30. f4 Ra8 31. Be2 Ra5 32. Rh1 Rxc5 33. Rh6+ Kf7 34. Bh5+ Ke7 35. Rh7+ Kd6 36.
Rxb7 Nd4 37. Be8 Rc2+ 38. Kh3 Re2 39. Bg6 Rf2 40. g4 Rxf4 41. gxf5 Nxf5 42. Rb4 Rxb4 43. axb4 Ne3 44. Bd3 Nc4 45. Bc2 Nxb2 46. Kg3 Ke5 47. Kf3 Kd4 48. Ke2 Kc3 0-1

[Event "*** MasterClass Titled Tuesday Blitz"]
[Site "Chess.com"]
[Date "2017.12.05"]
[Round "6"]
[White "nubair1198"]
[Black "Diwi89"]
[Result "1-0"]
[WhiteElo "2524"]
[BlackElo "2711"]
[TimeControl "180+2"]
[EndTime "15:32:10 PST"]
[Termination "nubair1198 won by resignation"]

1. Nf3 Nf6 2. c4 e6 3. g3 d5 4. Bg2 c5 5. O-O Nc6 6. cxd5 exd5 7. d4 Be7 8. Nc3 O-O 9. dxc5 Bxc5 10. Na4 Be7 11.
Be3 Re8 12. Rc1 Bg4 13. Nd4 Qd7 14. Nxc6 bxc6 15. Bd4 Rac8 16. Re1 Bh3 17. Bf3 Bb4 18. Bc3 Be7 19. Bd4 Bb4 20. Bc3 Be7 21. Bd4 Bg4 22. Bg2 Qf5 23. Qd3 Qh5 24. b3 Bb4 25.
Bc3 Ba3 26. Bb2 Bxb2 27. Nxb2 Bxe2 28. Qd4 Bf3 29. Nd3 Bxg2 30. Kxg2 Ne4 31. Nf4 Qf5 32.
h4 h6 33. a4 Qd7 34. Nh5 f6 35. Nf4 Qf7 36. Re3 g5 37. hxg5 hxg5 38. Nd3 Kg7 39. f4 g4 40. f5 Rh8 41. Nf4 Rh6 42. Ne6+ Kg8 43. Ree1 Rh3 44. Rxe4 dxe4 45. Qxe4 Qh7 46. Nf4 Rh2+ 47. Kg1 Rc7 48. Qe8+ Kg7 49. Ne6+ Kh6 50. Qf8+ Kh5 51. Nf4+ Kg5 52. Ne6+ Kxf5 53. Rf1+ Kxe6 54. Rxf6+ Ke5 55. Qd6+ Ke4 56. Rf4+ Ke3 57. Qd4+ Ke2 58. Re4+ Qxe4 59. Qxe4+ Kd2 60. Kxh2 Kc3 61. Qe5+ 1-0

[Event "*** MasterClass Titled Tuesday Blitz"]
[Site "Chess.com"]
[Date "2017.12.05"]
[Round "6"]
[White "MultiWebCreation"]
[Black "Sola00"]
[Result "0-1"]
[WhiteElo "1330"]
[BlackElo "1529"]
[TimeControl "180+2"]
[EndTime "15:32:11 PST"]
[Termination "Sola00 won on time"]

1. e4 e6 2. d4 d5 3. Nd2 c5 4. Ngf3 Nc6 5. Bb5 Qb6 6. a4 a6 7.
Bxc6+ Qxc6 8. e5 Bd7 9. O-O Rc8 10. Nb3 Ne7 11. Be3 Nf5 12. Na5 Nxe3 13. fxe3 Qc7 14.
Nb3 cxd4 15. Nbxd4 Be7 16. c3 O-O 17. Rc1 Bxa4 18.
Qd2 Qc4 19. Ne1 Bb5 20. Nef3 Qd3 21. Rfd1 Qxd2 22. Nxd2 Bg5 23. Nxb5 axb5 24. Kf2 f6 25. exf6 Rxf6+ 26. Ke2 Rcf8 27. Rf1 Rxf1 28. Rxf1 Rxf1 29. Nxf1 Kf7 30. Kd3 e5 31. Ng3 Ke6 32. Ne2 b6 33. Nc1 Be7 34. e4 b4 35. exd5+ Kxd5 36. cxb4 Bxb4 37.
Ne2 e4+ 38. Kc2 g5 39. Kb3 Bd2 40. Kc2 e3 41. b3 b5 42. h3 Ke4 43. Ng3+ Kf4 44.
Nh5+ Ke4 45. Nf6+ Kf5 46. Nxh7 Kf4 47. Nf6 Kg3 48. Ne4+ Kxg2 49. Nxg5 Kf2 50. Ne4+ Ke1 51. h4 Bb4 52. Ng3 Kf2 53. h5 Kxg3 0-1

[Event "*** MasterClass Titled Tuesday Blitz"]
[Site "Chess.com"]
[Date "2017.12.05"]
[Round "6"]
[White "bascheyaro"]
[Black "OparinGrigoriy"]
[Result "1/2-1/2"]
[WhiteElo "2626"]
[BlackElo "2721"]
[TimeControl "180+2"]
[EndTime "15:32:13 PST"]
[Termination "Game drawn - insufficient material"]

1. d4 Nf6 2. c4 e6 3. Nf3 b6 4. Nc3 Bb7 5. e3 d5 6. cxd5 exd5 7. Bd3 Bd6 8. Qc2 a6 9. O-O O-O 10. Ne5 c5 11. b3 Nc6 12. Nxc6 Bxc6 13. Bb2 cxd4 14. Ne2 Rc8 15. Bxd4 Ne4 16. Qb2 Qg5 17. Ng3 b5 18. Bxe4 dxe4 19. Bxg7 Bxg3 20. Bf6 Bxh2+ 21.
Kxh2 Qh5+ 22. Kg1 Bd7 23. Rac1 Qg6 24. Be5 Bh3 25. Bg3 Be6 26. Rxc8 Rxc8 27. Rc1 Rxc1+ 28. Qxc1 h5 29. Qc7 Kh7 30. Qd8 Qg8 31. Qd4 Qg6 32. Qa7 Qg4 33. Qe7 Qg7 34. Kh2 Qg4 35. Qf6 Qg6 36. Qd8 Qf5 37. Qd6 Qg5 38. Qxa6 h4 39.
Bf4 Qg4 40. Qa8 h3 41. Qxe4+ Bf5 42. Qd5 Qxg2+ 43. Qxg2 hxg2 44. f3 Bd3 45. a4 bxa4 46.
bxa4 Bf1 47. e4 Kg6 48. Be3 Kf6 49. Kg3 Ke5 50. a5 f5 51. exf5 Kxf5 52. Bd4 Ke6 53. f4 Kd5 54. f5 Kxd4 55. Kf2 Ke5 56. a6 Bxa6 57. Kxg2 Kxf5 1/2-1/2

[Event "*** MasterClass Titled Tuesday Blitz"]
[Site "Chess.com"]
[Date "2017.12.05"]
[Round "6"]
[White "krzyzan94"]
[Black "chito89"]
[Result "0-1"]
[WhiteElo "2600"]
[BlackElo "2612"]
[TimeControl "180+2"]
[EndTime "15:32:14 PST"]
[Termination "chito89 won by resignation"]

1. e4 c5 2. Nf3 e6 3. b3 b6 4.
Bb2 Bb7 5. e5 Ne7 6. c4 Nbc6 7.
Nc3 Nf5 8. Bd3 Nfd4 9. Be4 Qb8 10. Nb5 Nxf3+ 11. Qxf3 a6 12. Nd6+ Bxd6 13. exd6 Qxd6 14. Bxg7 Rg8 15. Qf6 Qe7 16. Bxh7 Rxg7 17. Qxg7 Nd4 18. Qh8+ Qf8 19. Qxf8+ Kxf8 20. f3 f5 21. Bg6 Kg7 22. Bh5 Rh8 23. Kf2 Rxh5 24. Rab1 a5 25. a3 Nc2 26.
Rb2 Nd4 27. b4 axb4 28. axb4 f4 29. bxc5 Rxc5 30. Rxb6 Bc6 31. Rc1 Ra5 32. Rb2 Ra3 33. Rc3 Ra1 34. c5 Rh1 35. h3 Nf5 36. Rcb3 Rc1 37. Rc3 Rd1 38. Ke2 Rh1 39. Rb4 e5 40. Rb8 Rh2 41. Kd3 Rxg2 42. Rc1 Bxf3 43. Rd8 Bc6 44. Re1 e4+ 45. Rxe4 Rg3+ 46. Re3 fxe3 47. dxe3 Rxe3+ 0-1

[Event "*** MasterClass Titled Tuesday Blitz"]
[Site "Chess.com"]
[Date "2017.12.05"]
[Round "6"]
[White "SharkAnto55"]
[Black "pulvettd"]
[Result "0-1"]
[WhiteElo "2346"]
[BlackElo "2257"]
[TimeControl "180+2"]
[EndTime "15:32:24 PST"]
[Termination "pulvettd won by resignation"]

1. d4 Nf6 2. c4 e6 3. Nf3 b6 4. g3 Ba6 5. b3 Bb4+ 6. Bd2 Be7 7.
Bg2 c6 8. Bc3 d5 9. Nbd2 Nbd7 10. O-O O-O 11. Qc2 c5 12. e4 dxc4 13. Nxc4 cxd4 14.
Nxd4 Rc8 15. Rfd1 Qc7 16. a4 Bxc4 17. bxc4 Qxc4 18. Rdc1 Ne5 19. Bf1 Qxd4 20. Bxd4 Rxc2 21. Bxe5 Rfc8 22. Re1 Bc5 23. Re2 Rxe2 24. Bxe2 Nxe4 25. Kg2 Nxf2 26. Rc1 Ne4 27. Bf3 Nf6 28. Rd1 a5 29.
Bb7 Rf8 30. h3 Nd5 31. Bxd5 exd5 32. Rxd5 f6 33. Bf4 Re8 34. Kf3 Kf7 35. Rd7+ Re7 36. Rd5 Ke6 37. Rd2 Rd7 38. Re2+ Kf7 39. Rb2 Rd4 40.
Bc7 Rxa4 41. Bxb6 Rb4 42. Rxb4 Bxb4 43. Ke4 Ke6 44. Bd4 a4 45. g4 a3 46. h4 Bd2 47.
Kd3 Bc1 48. Kc2 Bb2 49. Bc5 g6 50. Be3 f5 51. gxf5+ gxf5 52. Bf4 Kd5 0-1